 Dungeon Crawl Stone Soup version 0.22.1-1-ga44c0e5 (webtiles) character file.

152 brandon the Magician (level 5, -1/28 HPs)
             Began as a Deep Elf Fire Elementalist on Oct 5, 2018.
             Slain by an ogre
             ... wielding a +0 giant club
              (29 damage)
             ... on level 4 of the Dungeon.
             The game lasted 00:09:31 (3326 turns).

brandon the Magician (Deep Elf Fire Elementalist)   Turns: 3326, Time: 00:09:34

Health: -1/28      AC:  8    Str:  5    XL:     5   Next: 11%
Magic:  11/13      EV: 13    Int: 21    God:
Gold:   124        SH:  0    Dex: 15    Spells: 11/12 levels left

rFire    . . .     SeeInvis .   z - +3 dagger
rCold    . . .     Gourm    .   (no shield)
rNeg     . . .     Faith    .   a - +0 robe
rPois    .         Spirit   .   r - +2 helmet
rElec    .         Reflect  .   (no cloak)
rCorr    .         Harm     .   p - +2 pair of gloves
MR       .....                  (no boots)
Stlth    ++........             (no amulet)
HPRegen  0.09/turn              (no ring)
MPRegen  0.13/turn              (no ring)

@: no status effects
A: no striking features
a: no special abilities


You were on level 4 of the Dungeon.
You were not hungry.

You visited 1 branch of the dungeon, and saw 4 of its levels.

You collected 124 gold pieces.

Inventory:

Hand Weapons
 z - a +3 dagger (weapon)
Missiles
 m - 7 tomahawks (quivered)
Armour
 a - a +0 robe (worn)
 p - a +2 pair of gloves (worn)
 r - a +2 helmet (worn)
Jewellery
 b - an uncursed ring of resist corrosion {unknown}
 f - an uncursed ring of magical power {unknown}
 s - a +3 amulet of reflection {unknown}
 t - a cursed -6 ring of intelligence {unknown}
Wands
 n - a wand of polymorph (15)
Scrolls
 d - 3 scrolls of teleportation {unknown}
 e - 4 scrolls of identify {unknown}
 h - 2 scrolls of remove curse {unknown}
 j - a scroll of blinking {unknown}
 l - 2 scrolls of enchant armour {unknown}
 u - a scroll of enchant weapon {unknown}
 v - a scroll of fear {unknown}
 y - a scroll of noise {unknown}
Potions
 g - 3 potions of haste {unknown}
 i - a potion of ambrosia {unknown}
 k - a potion of curing {unknown}
 o - a potion of mutation {unknown}
 q - a potion of resistance {unknown}
 w - a potion of magic {unknown}
 x - a potion of lignification {unknown}
Comestibles
 c - 5 rations
 A - a chunk of flesh


   Skills:
 - Level 2.4 Dodging
 - Level 2.4 Stealth
 + Level 4.4 Spellcasting
 * Level 3.9 Conjurations
 + Level 4.2 Fire Magic


You had 11 spell levels left.
You knew the following spells:

 Your Spells              Type           Power        Failure   Level  Hunger
a - Flame Tongue          Conj/Fire      ###..        2%          1    None

Your spell library contained the following spells:

 Spells                   Type           Power        Failure   Level  Hunger
 Throw Flame              Conj/Fire      ###...       3%          2    #......
 Conjure Flame            Conj/Fire      ###.....     6%          3    ##.....
 Inner Flame              Hex/Fire       ##......     14%         3    ##.....
 Sticky Flame             Conj/Fire      ###.....     22%         4    ####...
 Fireball                 Conj/Fire      ###.......   52%         5    ######.


Dungeon Overview and Level Annotations

Branches:
Dungeon (4/15)
 Temple: D:4-7

Altars:
Gozag
Makhleb
Nemelex Xobeh
Okawaru
Xom

Annotations:
D:3 2 transporters, SaintRoka's ghost, weakling NaFE


Message History

Casting: Flame Tongue (safe; 2% risk of failure)
Confirm with . or Enter, or press ? or * to list all spells.
Aiming: Flame Tongue (safe; 2% risk of failure)
Press: ? - help, Shift-Dir - straight line, f - ogre
Aim: an ogre, wielding a giant club The flame tongue hits the ogre.
The ogre is moderately wounded.
The ogre closely misses you.
Casting: Flame Tongue (safe; 2% risk of failure)
Confirm with . or Enter, or press ? or * to list all spells.
Aiming: Flame Tongue (safe; 2% risk of failure)
Press: ? - help, Shift-Dir - straight line, f/p - ogre
Aim: an ogre, wielding a giant club (moderately wounded)
The flame tongue hits the ogre.
The ogre is heavily wounded.
The kobold closely misses you.
An orc comes into view. It is wielding a hand axe.
The ogre hits you with a giant club!!
Ouch! That really hurt!
You die...

#.........#
###########.....###.#
...............## #.#
################ #.#
#######.######### #
#................
##########
#.##.............
.........#
#.###..#######
########.# #@# #.## #
#..## #OK.###
######.## #...#
.......# #...#
######.# '...'
#.....# #...#.
##.##### #...##. ...#
#.o.# #. #..#


You could see an ogre, an orc and a kobold.

Vanquished Creatures
  A worker ant (D:4)
  Robin (D:2)
  2 adders
  An ooze (D:2)
  A worm (D:2)
  A dart slug (D:4)
  6 leopard geckos
  5 orcs
  A ball python (D:4)
  3 bats
  7 giant cockroaches
  16 goblins
  8 hobgoblins
  2 jackals (D:2)
  6 kobolds
  A quokka (D:4)
  5 frilled lizards
  A quokka skeleton (D:4)
  4 rats
72 creatures vanquished.

Notes
Turn   | Place    | Note
-------+----------+-------------------------------------------
     0 | D:1      | brandon the Deep Elf Fire Elementalist began the quest for
                  | the Orb.
     0 | D:1      | Reached XP level 1. HP: 10/10 MP: 6/6
   275 | D:1      | Reached XP level 2. HP: 6/15 MP: 2/8
  1237 | D:2      | Reached XP level 3. HP: 19/19 MP: 3/10
  1302 | D:2      | Noticed Robin
  1320 | D:2      | Killed Robin
  1814 | D:2      | Found a sparkling altar of Nemelex Xobeh.
  1891 | D:2      | Reached XP level 4. HP: 24/24 MP: 7/11
  2374 | D:3      | Found an opulent altar of Gozag.
  2376 | D:3      | Found an iron altar of Okawaru.
  2376 | D:3      | Found a shimmering altar of Xom.
  2378 | D:3      | Found a burning altar of Makhleb.
  2792 | D:3      | Noticed an ogre
  2792 | D:3      | Noticed SaintRoka's ghost (weakling NaFE)
  2792 | D:3      | Noticed an ogre
  2792 | D:3      | Noticed an ogre
  2793 | D:3      | Found a transporter.
  2793 | D:3      | Found a transporter.
  3074 | D:4      | Reached XP level 5. HP: 28/28 MP: 10/13
  3323 | D:4      | Noticed an ogre
  3326 | D:4      | Slain by an ogre

Skill      XL: |  1  2  3  4 |
---------------+-------------+-----
Conjurations   | 2 3 |  3.9
Spellcasting   | 4 |  4.4
Fire Magic     | 4 |  4.2
Dodging        | |  2.4
Stealth        | |  2.4

Action                   |  1- 3 |  4- 6 || total
-------------------------+-------+-------++-------
Melee: Unarmed           |     2 |       ||     2
       Dagger            |     2 |     4 ||     6
 Fire: Hunting sling     |     6 |       ||     6
 Cast: Flame Tongue      |    65 |    74 ||   139
  Eat: Chunk             |     3 |     4 ||     7
Armor: Robe              |     5 |    10 ||    15
Dodge: Dodged            |    24 |    23 ||    47
